 Dungeon Crawl Stone Soup version 0.27.1-4-g1640c2035a (webtiles) character file.

Game seed: 15525558348956139212

65 lonewolfV2 the Gusty (level 3, 0/26 HPs)
             Began as a Draconian Air Elementalist on Nov 15, 2021.
             Succumbed to an adder's poison
             ... on level 2 of the Dungeon.
             The game lasted 00:03:28 (1605 turns).

lonewolfV2 the Gusty (Draconian Air Elementalist)   Turns: 1605, Time: 00:03:29

Health: 0/26       AC:  5    Str: 11    XL:     3   Next: 92%
Magic:  3/6        EV: 12    Int: 15    God:
Gold:   32         SH:  0    Dex: 11    Spells: 5/6 levels left

rFire    . . .     SeeInvis .   (no weapon)
rCold    . . .     Faith    .   (no shield)
rNeg     . . .     Spirit   .   (armour unavailable)
rPois    .         Reflect  .   (helmet restricted)
rElec    .         Harm     .   (no cloak)
rCorr    .         Rampage  .   (no gloves)
Will     .....                  (no boots)
Stlth    ++........             (no amulet)
HPRegen  0.08/turn              (no ring)
MPRegen  0.10/turn              (no ring)

@: lethally poisoned (0 -> -2)
A: AC +5, unfitting armour, cold-blooded
a: no special abilities


You were on level 2 of the Dungeon.
You visited 1 branch of the dungeon, and saw 2 of its levels.

You collected 32 gold pieces.

Inventory:

Jewellery
 b - a +4 ring of evasion
Scrolls
 a - a scroll of vulnerability {unknown}
Potions
 c - a potion of brilliance {unknown}
 d - a potion of resistance {unknown}
 e - a potion of curing {unknown}


   Skills:
 + Level 2.1 Dodging
 + Level 2.2 Stealth
 + Level 0.8 Unarmed Combat
 + Level 2.4 Spellcasting
 + Level 1.4 Conjurations
 + Level 3.7 Air Magic


You had 5 spell levels left.
You knew the following spells:

 Your Spells              Type           Power      Damage    Failure   Level
a - Shock                 Conj/Air       36%        1d5       8%          1

Your spell library contained the following spells:

 Spells                   Type           Power      Damage    Failure   Level
 Static Discharge         Conj/Air       9%         N/A       11%         2
 Swiftness                Air            13%        N/A       14%         3
 Airstrike                Air            6%         N/A       41%         4


Dungeon Overview and Level Annotations

Branches:
Dungeon (2/15)

Altars:


Innate Abilities, Weirdness & Mutations

Your plain brown scales are hard. (AC +5)
You cannot fit into any form of body armour.
You are cold-blooded and may be slowed by cold attacks.


Message History

You barely miss the adder. The adder misses you.
You closely miss the adder. You tail-slap the adder.
The adder is moderately wounded.
The adder closely misses you.
You hit the adder but do no damage.
The adder is moderately wounded.
The adder bites you. The adder closely misses you.
You hit the adder.
The adder is moderately wounded.
The adder completely misses you.
You barely miss the adder. You tail-slap the adder.
The adder is heavily wounded.
The adder closely misses you.
You miss the adder. You tail-slap the adder.
The adder is heavily wounded.
The adder misses you.
You hit the adder.
The adder is almost dead.
The adder bites you.
You are poisoned.
The adder poisons you! The adder closely misses you.
You closely miss the adder.
The adder is almost dead.
* * * LOW HITPOINT WARNING * * *
You feel sick.
The frilled lizard hisses angrily.
The adder bites you.
* * * LOW HITPOINT WARNING * * *
You hit the adder but do no damage.
Your tail-slap misses the adder.
The adder is almost dead.
* * * LOW HITPOINT WARNING * * *
You feel sick. The adder closely misses you.
You hit the adder.
You kill the adder!
* * * LOW HITPOINT WARNING * * *
You feel sick.
Your Stealth skill increases to level 2!
* * * LOW HITPOINT WARNING * * *
You feel sick.
You die...

## #.### .
#...#######..
#..<.........
##....###....
####.##.....
##@....#
###..#...#
#.....l..#
#...$......#
#.#...........
# #.......###.
#.$.....#
#.......#
##.######


There were no monsters in sight!

Vanquished Creatures
  Natasha (D:2)
  An adder (D:2)
  3 ball pythons (D:1)
  3 endoplasms (D:1)
  A giant cockroach (D:1)
  3 goblins (D:1)
  4 hobgoblins (D:1)
  2 kobolds (D:1)
  A quokka (D:1)
  4 bats (D:1)
  3 frilled lizards (D:1)
  A rat (D:1)
27 creatures vanquished.

Notes
Turn   | Place    | Note
-------+----------+-------------------------------------------
     0 | D:1      | lonewolfV2 the Draconian Air Elementalist began the quest
                  | for the Orb.
     0 | D:1      | Reached XP level 1. HP: 14/14 MP: 3/3
   488 | D:1      | Reached XP level 2. HP: 20/20 MP: 0/5
  1465 | D:1      | Reached XP level 3. HP: 26/26 MP: 2/6
  1573 | D:2      | Noticed Natasha
  1588 | D:2      | Killed Natasha
  1604 | D:2      | HP: 1/26 [poisoned by an adder]
  1605 | D:2      | Succumbed to an adder's poison

Illustrated notes

Levels and vault maps discovered:
D:1:      zaba_arrival_water, layout_loops_ring, palyth_stone_intersect
D:2:      layout_rooms, uniq_natasha, uniq_robin, uniq_jessica

Skill      XL: |  1  2  3 |
---------------+----------+-----
Dodging        | 2 |  2.1
Stealth        | 2 |  2.2
Unarmed Combat | |  0.8
Spellcasting   | |  2.4
Conjurations   | |  1.4
Air Magic      | |  3.7

Action                   || total
-------------------------++-------
Melee: Unarmed           ||    59
       Tailslap          ||     4
 Cast: Shock             ||    46
 Stab: Sleeping          ||     1
Armor: Skin              ||    24
Dodge: Dodged            ||    56
